 Dungeon Crawl Stone Soup version 0.20.1-1-g8b1a95d (webtiles) character file.

1772 OneorTwo the Basher (level 9, -5/123 HPs)
             Began as a Hill Orc Berserker on July 30, 2017.
             Was an Elder of Trog.
             Slain by a gnoll
             ... wielding a +0 halberd of electrocution
              (16 damage)
             ... in a bailey.
             The game lasted 00:27:02 (5873 turns).

OneorTwo the Basher (Hill Orc Berserker)            Turns: 5873, Time: 00:27:05

Health: -5/123     AC: 14    Str: 28    XL:     9   Next: 7%
Magic:  11/11      EV:  8    Int:  7    God:    Trog [****..]
Gold:   388        SH:  0    Dex: 10    Spells: 8/8 levels left

rFire    . . .     SeeInvis .   J - +0 war axe
rCold    . . .     Gourm    .   (no shield)
rNeg     . . .     Faith    .   i - +0 plate armour
rPois    .         Spirit   .   u - +0 helmet
rElec    .         Reflect  .   p - +0 cloak
rCorr    .         Harm     .   (no gloves)
MR       .....                  (no boots)
Stlth    ..........             G - amulet of regeneration
Regen    0.7/turn               l - ring of stealth
MPRegen  0.2/turn               (no ring)

@: berserking, very quick
A: no striking features
a: Berserk, Trog's Hand, Brothers in Arms, Burn Spellbooks, Renounce Religion


You were in a bailey.
You worshipped Trog.
Trog was greatly pleased with you.
You were very hungry.

You visited 1 branch of the dungeon, and saw 7 of its levels.
You also visited: Bailey.

You collected 388 gold pieces.

Inventory:

Hand Weapons
 a - a +0 mace
 e - a +0 shortbow
 z - a +0 blowgun
 H - a +0 shortbow
 J - a +0 war axe (weapon)
 O - a +0 halberd of electrocution
Missiles
 n - 56 bolts
 s - 206 stones
 v - 70 arrows
 B - 19 poisoned needles
 E - 2 javelins
 K - 32 tomahawks of returning (quivered)
 N - 8 tomahawks
Armour
 i - a +0 plate armour (worn)
 p - a +0 cloak (worn)
 u - a +0 helmet (worn)
Jewellery
 l - a ring of stealth (left hand)
 G - an amulet of regeneration (around neck)
Wands
 b - a wand of iceblast (10/15)
 L - a wand of iceblast (8/15)
Scrolls
 g - a scroll of recharging {unknown}
 h - a scroll of fear {unknown}
 j - 2 scrolls of teleportation {unknown}
 w - 11 scrolls of identify {unknown}
 x - 5 scrolls of enchant weapon {unknown}
 y - a scroll of blinking {unknown}
 D - 5 scrolls of remove curse {unknown}
 F - a scroll of noise {unknown}
Potions
 f - a potion of haste {unknown}
 k - a potion of ambrosia {unknown}
 m - 9 potions of curing {unknown}
 o - 3 potions of heal wounds {unknown}
 q - a potion of cancellation {unknown}
 t - 2 potions of degeneration {unknown}
 A - 2 potions of agility {unknown}
 C - 4 potions of lignification {unknown}
 I - a potion of brilliance {unknown}
 P - a potion of magic {unknown}
Comestibles
 c - 5 bread rations
 d - 3 meat rations
 r - 8 fruits
 M - 11 chunks of flesh


   Skills:
 + Level 8.7 Fighting
 * Level 4.4(8.0) Axes
 - Level 8.7(9.1) Maces & Flails
 + Level 3.7 Armour
 - Level 1.5 Dodging
 + Level 3.0 Evocations


You had 8 spell levels left.
You didn't know any spells.

Dungeon Overview and Level Annotations

Branches:
Dungeon (7/15)             Temple (0/1) D:6

Altars:
Ru


Message History

2 tomahawks of returning; a kobold corpse You slash the gnoll!
The gnoll is heavily wounded.
The gnoll hits you with a halberd of electrocution.
You are electrocuted!
* * * LOW HITPOINT WARNING * * *
Your plate armour prevents you from hitting the gnoll.
The gnoll is heavily wounded.
The gnoll hits you but does no damage.
You are electrocuted!
* * * LOW HITPOINT WARNING * * *
You hit the gnoll but do no damage.
The gnoll is heavily wounded.
The gnoll barely misses you.
A red film seems to cover your vision as you go berserk!
You feel yourself moving faster!
You feel mighty!
You are feeling very hungry.
The gnoll hits you with a halberd of electrocution.
* * * LOW HITPOINT WARNING * * *
You are electrocuted!
You die...

#. +##'## #(....
##..... .'..⌠..
#..... #...gg## #g#
#@## g#g# ##(# #
### #### ### #(#
###.###)#.# #.###.#
'##'##'###'##'##'##
#.....## #.....##
#.....#####.....###
'..∩..'.#.'..⌠..'.#
#.....#####†....###


You could see a gnoll and a hobgoblin.

Vanquished Creatures
  Prince Ribbit (D:5)
  A hungry ghost (D:7)
  A sky beast (D:5)
  The ghost of fux the Cudgeler, an amateur HuBe of Qazlal (D:3)
  2 ogres (D:6)
  A phantom (D:5)
  4 centaurs
  2 howler monkeys
  3 crimson imps
  A centaur zombie (D:4)
  2 centaur skeletons
  An orc priest (D:6)
  An orc wizard (D:7)
  An iguana (D:5)
  2 worker ants
  Robin (D:2)
  7 gnolls
  8 adders
  2 shadow imps
  2 adder skeletons
  2 worms
  2 dart slugs
  6 leopard geckos
  4 orcs
  9 bats
  5 giant cockroaches
  19 goblins
  16 hobgoblins
  13 kobolds
  3 quokkas
  A ball python (D:2)
  9 frilled lizards
  7 rats
140 creatures vanquished.

Notes
Turn   | Place    | Note
-------+----------+-------------------------------------------
     0 | D:1      | OneorTwo the Hill Orc Berserker began the quest for the Orb.
     0 | D:1      | Reached XP level 1. HP: 19/19 MP: 1/1
   358 | D:1      | Reached XP level 2. HP: 19/27 MP: 2/2
   483 | D:1      | Reached XP level 3. HP: 22/34 MP: 3/3
   903 | D:2      | Noticed Robin
   929 | D:2      | Reached ** piety under Trog
   943 | D:2      | Reached XP level 4. HP: 41/41 MP: 4/4
   952 | D:2      | Killed Robin
   952 | D:2      | Reached skill level 5 in Fighting
  1808 | D:3      | Noticed fux's ghost (amateur HuBe)
  1817 | D:3      | Killed fux's ghost
  1817 | D:3      | Reached skill level 5 in Maces & Flails
  1817 | D:3      | Reached XP level 5. HP: 50/50 MP: 5/5
  2535 | D:2      | Reached XP level 6. HP: 50/57 MP: 6/6
  2545 | D:2      | Reached *** piety under Trog
  3415 | D:4      | Found a sacrificial altar of Ru.
  3452 | D:5      | Entered Level 5 of the Dungeon
  3452 | D:5      | Noticed Prince Ribbit
  3603 | D:5      | Noticed a phantom
  3645 | D:5      | Killed a phantom
  3645 | D:5      | Reached XP level 7. HP: 55/64 MP: 7/7
  3786 | D:5      | Killed Prince Ribbit
  4114 | D:5      | Reached XP level 8. HP: 33/74 MP: 8/8
  4886 | D:6      | Reached skill level 1 in Evocations
  4892 | D:6      | Reached skill level 1 in Axes
  5205 | D:6      | Found a staircase to the Ecumenical Temple.
  5589 | D:7      | Reached XP level 9. HP: 82/82 MP: 10/10
  5686 | D:7      | Found a flagged portal.
  5710 | Bailey   | Entered a bailey
  5812 | Bailey   | Reached **** piety under Trog
  5873 | Bailey   | Slain by a gnoll

Skill      XL: |  1  2  3  4  5  6  7  8  9 |
---------------+----------------------------+-----
Fighting       | 4 6 7 8 |  8.7
Maces & Flails | 4 5 6 8 |  8.7
Evocations     | 2 3 |  3.0
Axes           | 4 |  4.4
Armour         | 3 |  3.7
Dodging        | |  1.5

Action                   |  1- 3 |  4- 6 |  7- 9 || total
-------------------------+-------+-------+-------++-------
Melee: Mace              |    69 |   220 |   110 ||   399
       War axe           |       |       |    97 ||    97
 Fire: Blowgun           |       |     7 |       ||     7
       Shortbow          |       |       |     7 ||     7
Throw: Javelin           |       |    12 |     4 ||    16
       Tomahawk          |       |       |    24 ||    24
       Stone             |       |       |     1 ||     1
Invok: Berserk           |     2 |     3 |     5 ||    10
       Trog's Hand       |       |     2 |     1 ||     3
  Eat: Chunk             |     1 |    13 |    11 ||    25
       Royal jelly       |       |       |     1 ||     1
       Fruit             |       |       |     4 ||     4
       Bread ration      |       |       |     1 ||     1
Armor: Chain mail        |    44 |   119 |       ||   163
       Plate armour      |       |    17 |   148 ||   165
Dodge: Dodged            |    24 |    86 |    82 ||   192
